 Dungeon Crawl Stone Soup version 0.25-a0-861-g340c9e8 (webtiles) character file.

Game seed: 1770252023255625139, levelgen mode: deterministic

169 Crabhammer the Bolt Thrower (level 5, -3/49 HPs)
             Began as a Naga Hunter on Apr 29, 2020.
             Slain by a two-headed ogre
             ... wielding a +0 giant spiked club
              (5 damage)
             ... on level 4 of the Dungeon.
             The game lasted 00:12:43 (3494 turns).

Crabhammer the Bolt Thrower (Naga Hunter)           Turns: 3494, Time: 00:12:44

Health: -3/49      AC:  5    Str: 14    XL:     5   Next: 50%
Magic:  5/5        EV:  9    Int: 12    God:
Gold:   80         SH:  0    Dex: 12    Spells: 4/4 levels left

rFire    + + .     SeeInvis +   a - +1 hand crossbow
rCold    + . .     Gourm    .   (no shield)
rNeg     + . .     Faith    .   x - +0 leather armour {rF+}
rPois    +         Spirit   .   y - +0 helmet
rElec    .         Reflect  .   q - scarf {rC+ rF+}
rCorr    .         Harm     .   h - +0 pair of gloves
MR       .....                  (no barding)
Stlth    +.........             (no amulet)
HPRegen  0.16/turn              s - ring of positive energy
MPRegen  0.09/turn              (no ring)

@: very slow
A: large, see invisible, deformed body, poison resistance, slowness 2, slow
metabolism 1, spit poison 1, AC +1
a: Spit Poison


You were on level 4 of the Dungeon.
You were not hungry.

You visited 1 branch of the dungeon, and saw 4 of its levels.

You collected 80 gold pieces.

Inventory:

Hand Weapons
 a - a +1 hand crossbow (weapon)
 b - a +0 spear
Missiles
 d - 37 bolts (quivered)
Armour
 h - a +0 pair of gloves (worn)
 q - a scarf of resistance (worn)
 w - a scarf of cloud immunity
 x - a +0 leather armour of fire resistance (worn)
 y - a +0 helmet (worn)
Jewellery
 s - a ring of positive energy (left hand)
Scrolls
 e - 2 scrolls of teleportation {unknown}
 i - 7 scrolls of identify
 k - a scroll of fog {unknown}
 m - 3 scrolls of remove curse
 v - a scroll of immolation {unknown}
Potions
 g - 2 potions of invisibility {unknown}
 j - a potion of brilliance {unknown}
 l - 2 potions of lignification {unknown}
 o - a potion of mutation {unknown}
 p - a potion of haste {unknown}
 r - a potion of flight {unknown}
 t - a potion of resistance {unknown}
 u - a potion of curing {unknown}
Comestibles
 c - a chunk of flesh
 f - 9 rations


   Skills:
 * Level 3.1 Fighting
 + Level 2.1 Polearms
 + Level 5.0 Crossbows
 - Level 1.5 Dodging
 - Level 1.5 Stealth


You had 4 spell levels left.
You didn't know any spells.
Your spell library was empty.

Dungeon Overview and Level Annotations

Branches:
Dungeon (4/15)
 Temple: D:4-7

Altars:
Nemelex Xobeh
Qazlal
Wu Jian
Zin


Innate Abilities, Weirdness & Mutations

You cannot wear boots.
Your serpentine skin is tough. (AC +1)
You have supernaturally acute eyesight. (SInv)
Armour fits poorly on your strangely shaped body.
Your system is resistant to poisons. (rPois)
You cover ground very slowly.
You have a slow metabolism.
You can spit poison.


Message History

The two-headed ogre is heavily wounded.
The two-headed ogre closely misses you.
The two-headed ogre hits you with a +0 giant club!!
* * * LOW HITPOINT WARNING * * *
Unknown command.
Firing (i - inventory)
d - 39 bolts (quivered)
Press: ? - help, Shift-Dir - straight line, f/p - two-headed ogre
Aim: a two-headed ogre, wielding a +0 giant spiked club and a +0 giant club (heavily wounded, poisoned)
You shoot a bolt.
The bolt barely misses the two-headed ogre.
You hear a splash.
Firing (i - inventory)
d - 38 bolts (quivered)
Press: ? - help, Shift-Dir - straight line, f/p - two-headed ogre
Aim: a two-headed ogre, wielding a +0 giant spiked club and a +0 giant club (heavily wounded, poisoned)
You shoot a bolt.
The bolt completely misses the two-headed ogre.
You hear a splash.
You have got your breath back.
The two-headed ogre hits you with a +0 giant spiked club.
You die...

#.........[.# #....)# #.#.
#...........# #.....# #.#.
#...........# #.....# #..<
#.....[.....# #.....######
..###...........# #...........
P≈≈≈..≈..÷......# ####'#######
≈≈♣P≈PP.........#########.#....#.
≈≈≈≈♣≈♣≈≈..P.....................
.PPPPo♣≈≈≈PP≈P..@............#.#.
.###oPP≈♣≈♣≈P.PO.#.######.#..#.#.
. #soPP♣♣≈≈≈P(..#'######.#.(#.#.
#ZoPPP♣♣≈≈≈P#.......##.#..#.#.
..oPP♣ ♣≈≈P≈........##.#..#.#.
≈≈≈PP.#.......##.#.##.#.
≈≈.PPP.+....[..##.#.##.#.
≈(≈....#.......##.#.##.#. .
#.......##.#.##.##


You could see a two-headed ogre.

Vanquished Creatures
  An orc wizard (D:4)
  An orc priest (D:4)
  3 adders
  A worm (D:2)
  A dart slug (D:1)
  4 leopard geckos
  5 orcs (D:4)
  4 bats
  3 giant cockroaches
  7 goblins
  11 hobgoblins
  2 jackals (D:4)
  2 quokkas
  2 ball pythons (D:2)
  A frilled lizard (D:3)
  13 kobolds
  A leopard gecko skeleton (D:4)
  A quokka skeleton (D:4)
  4 rats
67 creatures vanquished.

Notes
Turn   | Place    | Note
-------+----------+-------------------------------------------
     0 | D:1      | Crabhammer the Naga Hunter began the quest for the Orb.
     0 | D:1      | Reached XP level 1. HP: 19/19 MP: 1/1
   525 | D:1      | Reached skill level 4 in Crossbows
   525 | D:1      | Reached XP level 2. HP: 26/26 MP: 2/2
  1243 | D:1      | Reached XP level 3. HP: 32/32 MP: 3/3
  1703 | D:2      | Found a stormy altar of Qazlal.
  1713 | D:2      | Reached skill level 1 in Polearms
  1741 | D:2      | Found a faded altar of an unknown god.
  2017 | D:2      | Reached XP level 4. HP: 38/40 MP: 4/4
  2448 | D:3      | Found an ornate altar of the Wu Jian Council.
  2503 | D:3      | Found a sparkling altar of Nemelex Xobeh.
  2604 | D:3      | Found a glowing silver altar of Zin.
  3148 | D:4      | Reached XP level 5. HP: 48/48 MP: 5/5
  3159 | D:4      | Reached skill level 5 in Crossbows
  3486 | D:4      | Noticed a two-headed ogre
  3492 | D:4      | HP: 1/49 [two-headed ogre/+0 giant spiked club (22)]
  3494 | D:4      | Slain by a two-headed ogre

Levels and vault maps discovered:
D:1:      dpeg_arrival_morbid_curiosity, layout_loops_corners
D:2:      layout_loops_ring, grunt_qazlal_clouds,
          chequers_ecumenical_altar_simple_redux, minmay_tree_intersection
D:3:      layout_loops_ring, overflow_temple_1_default,
          nemelex_xobeh_ov_fountains_minmay, zin_academy, first_ration
D:4:      layout_basic, serial_bayou_lagoon_a, kennysheep_small_square

Skill      XL: |  1  2  3  4  5 |
---------------+----------------+-----
Crossbows      | 4 5 |  5.0
Polearms       | 1 2 |  2.1
Fighting       | 3 |  3.1
Dodging        | |  1.5
Stealth        | |  1.5

Action                   |  1- 3 |  4- 6 || total
-------------------------+-------+-------++-------
Melee: Short sword       |    13 |       ||    13
       Spear             |    65 |    34 ||    99
 Fire: Hand crossbow     |     1 |    23 ||    24
 Abil: Spit Poison       |    27 |    18 ||    45
  Use: Scroll            |       |     2 ||     2
 Stab: Sleeping          |     2 |     1 ||     3
  Eat: Chunk             |     4 |     5 ||     9
Armor: Leather armour    |    11 |     2 ||    13
       Robe              |       |     2 ||     2
Dodge: Dodged            |    37 |    17 ||    54

Table legend:
 A = Non-vault XP
 B = Vault XP
 C = Vault XP percentage of total XP
 D = Non-vault monster count
 E = Vault monster count
 F = Vault count percentage of total count
                 A         B        C        D         E       F
            +---------+---------+-------+---------+---------+-------
      Total |     233 |       9 |   3.7 |      62 |       5 |   7.5
            +---------+---------+-------+---------+---------+-------
        D:1 |      28 |       9 |  24.3 |      14 |       5 |  26.3
        D:2 |      62 |       0 |   0.0 |      28 |       0 |   0.0
        D:3 |      23 |       0 |   0.0 |       7 |       0 |   0.0
        D:4 |     120 |       0 |   0.0 |      13 |       0 |   0.0
            +---------+---------+-------+---------+---------+-------
